 Dungeon Crawl Stone Soup version 0.28.0-53-g5a82cb258f (webtiles) character file.

Game seed: 2527090500978619009

56 unlimited1921 the Firebug (level 3, -3/31 HPs)
             Began as an Ogre Fire Elementalist on July 14, 2022.
             Slain by Natasha (5 damage)
             ... on level 2 of the Dungeon.
             The game lasted 00:07:23 (2712 turns).

unlimited1921 the Firebug (Ogre Fire Elementalist)  Turns: 2712, Time: 00:07:24

Health: -3/31      AC:  4    Str: 14    XL:     3   Next: 97%
Magic:  5/7        EV: 10    Int: 16    God:
Gold:   26         SH:  0    Dex:  9    Spells: 7/8 levels left

rFire   . . .      SeeInvis .   k - +1 hunting sling (freeze)
rCold   . . .      Faith    .   (no shield)
rNeg    . . .      Spirit   .   a - +0 robe
rPois   .          Reflect  .   j - +1 hat
rElec   .          Harm     .   (no cloak)
rCorr   .          Rampage  .   (gloves unavailable)
Will    .....                   (boots unavailable)
Stlth   ++........              (no amulet)
HPRegen 0.10/turn               (no ring)
MPRegen 0.10/turn               (no ring)

@: no status effects
A: large, unfitting armour, tough skin 1
a: no special abilities


You were on level 2 of the Dungeon.
You visited 1 branch of the dungeon, and saw 2 of its levels.

You collected 26 gold pieces.

Inventory:

Hand Weapons
 d - a +0 long sword
 e - a +0 quarterstaff
 k - a +1 hunting sling of freezing (weapon)
 m - a +0 hand axe
Missiles
 f - 14 stones (quivered ammo)
 h - 2 poisoned darts
Armour
 a - a +0 robe (worn)
 g - a +0 ring mail
 j - a +1 hat (worn)
 l - a +0 chain mail
Scrolls
 b - a scroll of amnesia {unknown}
 i - 2 scrolls of fog {unknown}
Potions
 c - a potion of brilliance {unknown}


   Skills:
 + Level 0.1 Fighting
 + Level 0.1 Long Blades
 + Level 0.1 Staves
 + Level 0.1 Slings
 + Level 2.0 Dodging
 + Level 1.8 Stealth
 * Level 3.0 Spellcasting
 + Level 1.1 Conjurations
 + Level 3.4 Fire Magic


You had 7 spell levels left.
You knew the following spells:

 Your Spells              Type           Power      Damage    Failure   Level
a - Foxfire               Conj/Fire      36%        2x1d5     8%          1

Your spell library contained the following spells:

 Spells                   Type           Power      Damage    Failure   Level
 Scorch                   Fire           26%        2d6       7%          2
 Summon Small Mammal      Summ           8%         N/A       19%         1
 Conjure Flame            Conj/Fire      9%         6-21      22%         3
 Inner Flame              Hex/Fire       7%         N/A       28%         3
 Stone Arrow              Conj/Erth      8%         3d7       41%         3
 Call Canine Familiar     Summ           2%         N/A       50%         3
 Summon Guardian Golem    Hex/Summ       2%         N/A       50%         3
 Flame Wave               Conj/Fire      9%         2d5       58%         4
 Animate Armour           Summ/Erth      4%         N/A       88%         4
 Petrify                  Tmut/Erth      2%         N/A       88%         4
 Metabolic Englaciation   Hex/Ice        1%         N/A       99%         5
 Statue Form              Tmut/Erth      1%         N/A       100%        6
 Lehudib's Crystal Spear  Conj/Erth      2%         10d2      100%        8


Dungeon Overview and Level Annotations

Branches:
Dungeon (2/15)

Altars:
Xom

Annotations:
D:2 Natasha


Innate Abilities, Weirdness & Mutations

You are too large for most types of armour.
You have tough skin. (AC +1)


Message History

The stone barely misses the crimson imp.
You shoot a stone. The stone hits Natasha.
The stone freezes Natasha.
Natasha is severely wounded.
Natasha claws you.
You are too injured to fight recklessly!
You are too injured to fight recklessly!
Natasha casts a spell at you. The magic dart hits you!
* * * LOW HITPOINT WARNING * * *
Natasha drinks a potion.
Natasha is healed!
You are too injured to fight recklessly!
You are too injured to fight recklessly!
You are too injured to fight recklessly!
You are too injured to fight recklessly!
Casting: Foxfire (safe; 8% risk of failure)
Confirm with . or Enter, or press ? or * to list all spells.
You conjure some foxfire!
The foxfire hits Natasha.
Natasha is lightly wounded.
Your foxfire dissipates!
The crimson imp disappears in a puff of smoke!
The crimson imp blinks!
You see here the felid skeleton of Natasha.
Casting: Foxfire (safe; 8% risk of failure)
Confirm with . or Enter, or press ? or * to list all spells.
You conjure some foxfire!
The foxfire hits Natasha.
Natasha is moderately wounded.
Your foxfire dissipates!
The crimson imp blinks!
Casting: Foxfire (safe; 8% risk of failure)
Confirm with . or Enter, or press ? or * to list all spells.
You conjure some foxfire!
Natasha claws you!
* * * LOW HITPOINT WARNING * * *
Your foxfire dissipates!
Natasha howls an incantation.
You feel troubled.
The crimson imp disappears in a puff of smoke!
Natasha howls an incantation.
Natasha glows brightly for a moment.
Natasha claws you.
You die...

...........#
#######.####
####.####
#....)..###### #
#............#.#
#..............#.
#.........#......
#................
#........@###
#.......#h#
#.......#.#
#.......#.#
#.......#÷#
#.......#.#
#########.# #§#
#.#


You could see Natasha.

Vanquished Creatures
  Natasha (D:2)
  3 dart slugs (D:1)
  2 ball pythons (D:1)
  3 bats
  4 endoplasms (D:1)
  A giant cockroach (D:1)
  2 goblins (D:2)
  4 kobolds (D:1)
  2 quokkas (D:1)
  A frilled lizard (D:2)
23 creatures vanquished.

Vanquished Creatures (others)
  52 foxfires (D:1)
  A fungus (D:2)
53 creatures vanquished.

Grand Total: 76 creatures vanquished

Notes
Turn   | Place    | Note
-------+----------+-------------------------------------------
     0 | D:1      | unlimited1921 the Ogre Fire Elementalist began the quest
                  | for the Orb.
     0 | D:1      | Reached XP level 1. HP: 16/16 MP: 3/3
   411 | D:1      | Reached XP level 2. HP: 14/24 MP: 5/5
  1544 | D:1      | Reached XP level 3. HP: 31/31 MP: 2/7
  1741 | D:1      | Found a faded altar of an unknown god.
  1850 | D:1      | Reached skill level 1 in Conjurations
  1953 | D:2      | Found a shimmering altar of Xom.
  2324 | D:2      | Noticed Natasha
  2347 | D:2      | Killed Natasha
  2684 | D:2      | Noticed Natasha
  2709 | D:2      | HP: 1/31 [Natasha (7)]
  2712 | D:2      | Slain by Natasha

Illustrated notes

Levels and vault maps discovered:
D:1:      eino_arrival_cavern_a, layout_rooms,
          hellmonk_ecumenical_altar_heavens_door
D:2:      layout_basic, basic_altar, uniq_jessica, uniq_sigmund,
          uniq_crazy_yiuf_cottage, uniq_natasha, uniq_robin

Skill      XL: |  1  2  3 |
---------------+----------+-----
Fire Magic     | 3 |  3.4
Conjurations   | 1 |  1.1
Dodging        | 2 |  2.0
Spellcasting   | 3 |  3.0
Fighting       | |  0.1
Long Blades    | |  0.1
Staves         | |  0.1
Slings         | |  0.1
Stealth        | |  1.8

Action                   || total
-------------------------++-------
Melee: Long sword        ||    20
       Quarterstaff      ||     9
 Fire: Hunting sling     ||    19
 Cast: Foxfire           ||    34
 Stab: Sleeping          ||     1
Armor: Robe              ||    19
Dodge: Dodged            ||    20
